 Dungeon Crawl Stone Soup version 0.30.0 (webtiles) character file.

Game seed: 13168326188955367530

199 Ayyar the Trooper (level 5, 0/47 HPs)
             Began as a Hill Orc Fighter on May 17, 2023.
             Succumbed to a kobold's poison
             ... on level 2 of the Dungeon.
             The game lasted 00:03:18 (1096 turns).

Ayyar the Trooper (Hill Orc Fighter)                Turns: 1096, Time: 00:03:18

Health: 0/47       AC:  7    Str: 21    XL:     5   Next: 77%
Magic:  6/6        EV:  9    Int:  8    God:
Gold:   39         SH:  4    Dex: 10    Spells: 4/4 levels left

rFire   . . .        a - +0 war axe
rCold   . . .        c - +0 buckler
rNeg    . . .        b - +0 scale mail
rPois   .            (no helmet)
rElec   .            (no cloak)
rCorr   .            (no gloves)
SInv    .            (no boots)
Will    .....        (no amulet) Stlth
                     (no ring)
HPRegen 0.27/turn    (no ring)
MPRegen 0.10/turn

%: no passive effects
@: lethally poisoned (0 -> -35)
A: no striking features
a: no special abilities


You were on level 2 of the Dungeon.
You visited 1 branch of the dungeon, and saw 2 of its levels.

You collected 39 gold pieces.

Inventory:

Hand Weapons
 a - a +0 war axe (weapon)
Armour
 b - a +0 scale mail (worn)
 c - a +0 buckler (worn)
Scrolls
 f - a scroll of identify {unknown}
Potions
 e - 2 potions of degeneration {unknown}
 g - a potion of flight {unknown}
 h - 2 potions of ambrosia {unknown}


   Skills:
 * Level 4.7 Fighting
 * Level 4.3 Axes
 + Level 1.3 Throwing
 + Level 3.8 Armour
 + Level 3.8 Shields
 + Level 2.0 Invocations
 + Level 1.3 Evocations


You had 4 spell levels left.
You didn't know any spells.
Your spell library was empty.

Dungeon Overview and Level Annotations

Branches:
Dungeon (2/15)

Altars:


Message History

The adder bites you but does no damage. The endoplasm freezes you.
You are frozen.
You block the kobold's attack.
You completely miss the kobold. You completely miss the adder.
You slash the endoplasm!
You kill the endoplasm!
You feel sick. The adder barely misses you. The kobold closely misses you.
You block the adder's attack.
The kobold hits you with a +0 short sword of venom.
You are more poisoned.
You hit the kobold.
The kobold is moderately wounded.
You slash the adder!
You feel very sick. You block the adder's attack.
The kobold hits you but does no damage. The adder bites you.
You closely miss the adder.
The adder is heavily wounded.
You closely miss the kobold.
You feel very sick. The adder bites you.
You are more poisoned.
The adder poisons you! The kobold hits you but does no damage.
You are lethally poisoned!
The adder closely misses you.
You barely miss the adder.
The adder is heavily wounded.
You barely miss the kobold.
* * * LOW HITPOINT WARNING * * *
You feel very sick. The kobold hits you but does no damage.
You are more poisoned.
The adder bites you but does no damage.
The kobold hits you with a +0 short sword of venom.
* * * LOW HITPOINT WARNING * * *
You are more poisoned.
You slash the adder!
You kill the adder!
You miss the kobold.
You die...

.....#. ###.# ....#.
..#.# .....###.#.#
##'##...#.#.#
##...##..#.#.#########
..#..#........†.....†
#(#.#.####.#########
#.K†......#
#?#@#..###... #..#..#
#.#. ...##..#
#.#.####### ##'# ..##
#.# #...... .. ... ..#
#.##### #.# ###
#...#.. #. ###.##. #.
#[#<. #.#..


You could see a kobold.

Vanquished Creatures
  Sigmund (D:2)
  An adder (D:2)
  A worm (D:2)
  A dart slug (D:1)
  2 endoplasms
  2 giant cockroaches (D:1)
  3 goblins (D:1)
  2 hobgoblins (D:1)
  3 jackals (D:1)
  3 kobolds (D:1)
  4 quokkas
  2 ball pythons
  2 bats (D:1)
  3 frilled lizards
  2 rats (D:1)
32 creatures vanquished.

Notes
Turn   | Place    | Note
-------+----------+-------------------------------------------
     0 | D:1      | Ayyar the Hill Orc Fighter began the quest for the Orb.
     0 | D:1      | Reached XP level 1. HP: 19/19 MP: 1/1
   110 | D:1      | Reached XP level 2. HP: 20/27 MP: 2/2
   447 | D:1      | Reached XP level 3. HP: 30/33 MP: 3/3
   879 | D:2      | Noticed Sigmund
   888 | D:2      | Killed Sigmund
   889 | D:2      | Reached skill level 1 in Throwing
   889 | D:2      | Reached skill level 1 in Invocations
   889 | D:2      | Reached skill level 1 in Evocations
   889 | D:2      | Reached XP level 4. HP: 24/41 MP: 3/5
   889 | D:2      | Reached XP level 5. HP: 28/47 MP: 3/6
  1096 | D:2      | Succumbed to a kobold's poison

Illustrated notes

Levels and vault maps discovered:
D:1:      sevenhm_arrival_forest_fort_small_6, layout_basic, chequers_jeans,
          palyth_stone_intersect, chequers_arboretum
D:2:      layout_basic, dreamdust_ecumenical_altar_angels_and_demons,
          minmay_box_of_dots, uniq_sigmund

Skill      XL: |  1  2  3  4  5 |
---------------+----------------+-----
Axes           | 3 4 |  4.3
Fighting       | 4 |  4.7
Throwing       | 1 |  1.3
Invocations    | 1 2 |  2.0
Evocations     | 1 |  1.3
Armour         | |  3.8
Shields        | |  3.8

Action                     |  1- 3 |  4- 6 || total
---------------------------+-------+-------++-------
  Melee: War axe           |    79 |    24 ||   103
    Use: Potion            |     1 |       ||     1
 Armour: Scale mail        |    37 |    11 ||    48
  Dodge: Dodged            |    45 |     9 ||    54
  Block: Buckler           |    16 |     5 ||    21
